 Dungeon Crawl Stone Soup version 0.28-a0-1622-gc30f734a66 (webtiles) character file.

Game seed: 17230866717895541471

693 Majang the Magician (level 7, -7/48 HPs)
             Began as a Djinni Conjurer on Jan 23, 2022.
             Was a Follower of Makhleb.
             Mangled by Edmund (14 damage)
             ... on level 5 of the Dungeon.
             The game lasted 00:28:14 (5757 turns).

Majang the Magician (Djinni Conjurer)               Turns: 5757, Time: 00:28:14

Health: -7/48      AC:  7    Str:  4    XL:     7   Next: 96%
Gold:   298        EV: 12    Int: 22    God:    Makhleb [*.....] SH:  4 Dex: 11

rFire   + + .      SeeInvis .   q - +0 flail
rCold   . . .      Faith    .   (no shield)
rNeg    . . .      Spirit   .   a - +0 robe
rPois   ∞          Reflect  .   u - +2 helmet
rElec   .          Harm     .   (no cloak)
rCorr   .          Rampage  .   k - +1 pair of gloves
Will    +....                   (boots unavailable)
Stlth   ++........              (no amulet)
HPRegen 0.16/turn               c - ring of protection from cold
MPRegen 0.00/turn               (no ring)

@: flying
A: sickness immunity, fire resistance 2, cold vulnerability 1, float, innate
caster, hp casting, extra vitality 1, large bone plates 1, strong-willed 1, weak
1
a: Renounce Religion


You were on level 5 of the Dungeon.
You worshipped Makhleb.
Makhleb was aware of your devotion.
You visited 2 branches of the dungeon, and saw 6 of its levels.
You also visited: Sewer.

You collected 298 gold pieces.

Inventory:

Hand Weapons
 b - a +0 whip
 q - a +0 flail (weapon)
Missiles
 d - 142 stones
Armour
 a - a +0 robe (worn)
 k - a +1 pair of gloves (worn)
 u - a +2 helmet (worn)
Magical Staves
 f - a staff of air
Jewellery
 c - a ring of protection from cold (left hand)
Wands
 n - a wand of flame (16)
Scrolls
 e - a scroll of fear
 g - a scroll of enchant armour
 i - a scroll of summoning
 j - 4 scrolls of teleportation
 l - a scroll of fog
 p - a scroll of blinking
 r - a scroll of amnesia {unknown}
 s - 2 scrolls of acquirement {unknown}
Potions
 h - a potion of berserk rage
 m - a potion of mutation
 o - 2 potions of ambrosia
 t - 2 potions of heal wounds


   Skills:
 * Level 1.6 Fighting
 + Level 1.0 Maces & Flails
 + Level 2.7 Dodging
 - Level 1.5 Stealth
 * Level 6.4 Spellcasting
 + Level 1.0 Invocations
 + Level 1.0 Evocations


You couldn't memorise any spells.
You knew the following spells:

 Your Spells              Type           Power      Damage    Failure   Level
a - Magic Dart            Conj           100%       1d8       1%          1
b - Iskenderun's Mystic   Conj/Tloc      35%        2d8       6%          4
d - Dazzling Flash        Conj/Hex       70%        N/A       1%          3
e - Frozen Ramparts       Ice            70%        1d9       1%          3
j - Sting                 Tmut/Pois      100%       1d8       1%          1
p - Fulminant Prism       Conj/Hex       17%        3d11      6%          4
r - Searing Ray           Conj           70%        2d7       1%          2
C - Corpse Rot            Necr/Air       70%        N/A       1%          2
Your spell library was empty.

Dungeon Overview and Level Annotations

Branches:
Dungeon (5/15)             Temple (1/1) D:4           Sewer (visited)

Altars:
Cheibriados
Dithmenos
Kikubaaqudgha
Makhleb
Qazlal
Ru
Uskayaw
Vehumet
Xom
Yredelemnul

Shops:
D:1 (

Annotations:
D:5 Edmund


Innate Abilities, Weirdness & Mutations

You are immune to sickness and miasma.
You are immune to poison.
Your flesh is very heat resistant. (rF++)
You are vulnerable to cold. (rC-)
You float through the air rather than walking.
You learn spells naturally, not from books.
Your magical power is your life essence.
You have superior vitality. (+4 MHP)
You are partially covered in large bone plates. (SH +4)
You are strong-willed. (Will+)
You are weak. (Str -2)


Message History

Aim: Edmund, wielding a +2 flail of protection and wearing a +0 scale mail (moderately wounded, poisoned, 83% to hit)
The searing ray hits Edmund but does no damage.
Edmund is moderately wounded.
The searing ray hits the white imp.
The white imp is heavily wounded. (Press . to maintain the ray.) Edmund hits you with a +2 flail of protection!
The searing ray hits Edmund but does no damage.
Edmund is heavily wounded.
The searing ray misses the white imp.
You block Edmund's attack.
The searing ray hits Edmund but does no damage.
Edmund is heavily wounded.
Edmund hits you with a +2 flail of protection.
The white imp hits you but does no damage.
The searing ray hits Edmund!
Edmund is severely wounded.
You finish channelling your searing ray.
You block Edmund's attack. The white imp gestures at you.
The puff of frost hits you.
Edmund hits you with a +2 flail of protection.
Edmund looks more healthy.
Edmund says, "You wouldn't believe how much I paid for this flail."
The white imp gestures at you. The puff of frost hits you.
Casting: Searing Ray (safe; 1% risk of failure)
Confirm with . or Enter, or press ? or * to list all spells.
Aiming: Magic Dart (safe; 1% risk of failure)
Press: ? - help, Shift-Dir - straight line, f - white imp, p - Edmund
Aim: a white imp (heavily wounded, 100% to hit)
The magic dart hits the white imp but does no damage.
The white imp is heavily wounded.
The white imp gestures at you. The puff of frost hits you!
* * * LOW HITPOINT WARNING * * *
Edmund hits you with a +2 flail of protection.
* * * LOW HITPOINT WARNING * * *
Found a potion of curing.
Edmund hits you with a +2 flail of protection!
You die...

#.##......####..###.##........
.........##...####..#........
## #.........#####............
..##.......###.........#...#
..........## #........$.....#
...#......# ##......#........
.....##..## #.5.............
>#....#..# +.@.............
.#..#.#.## #.@.............
....#...# #..####.........
##.....#### #...# #.$.......
...<....... .....# .....
###....####......# ..
####....#......# #..........#
..###..!... .#


You could see Edmund and a white imp.

Vanquished Creatures
  Grinder (D:4)
  A phantom (D:4)
  An orc priest (D:4)
  Jessica (D:3)
  An iguana (D:5)
  3 orc wizards
  A gnoll (D:1)
  9 adders
  6 river rats (Sewer)
  4 worms
  2 dart slugs
  13 orcs
  8 ball pythons
  7 endoplasms
  5 giant cockroaches
  5 goblins
  7 hobgoblins
  5 jackals
  6 quokkas
  12 bats
  5 frilled lizards
  9 kobolds
  4 rats
116 creatures vanquished.

Notes
Turn   | Place    | Note
-------+----------+-------------------------------------------
     0 | D:1      | Majang the Djinni Conjurer began the quest for the Orb.
     0 | D:1      | Reached XP level 1. HP: 15/15 MP: 0/0
   156 | D:1      | Found Pehe's Weapon Shoppe.
   243 | D:1      | Reached XP level 2. HP: 19/21 MP: 0/0
   619 | D:1      | Reached XP level 3. HP: 20/25 MP: 0/0
   619 | D:1      | Learned a level 1 spell: Sting
   985 | D:2      | Reached skill level 4 in Spellcasting
  1539 | D:2      | Reached XP level 4. HP: 30/31 MP: 0/0
  2037 | D:3      | Reached XP level 5. HP: 23/35 MP: 0/0
  2037 | D:3      | Learned a level 2 spell: Corpse Rot
  2090 | D:3      | Gained mutation: You are strong-willed. (Will+) [potion of
                  | mutation]
  2090 | D:3      | Gained mutation: You are weak. (Str -2) [potion of
                  | mutation]
  2090 | D:3      | Gained mutation: You are partially covered in large bone
                  | plates. (SH +4) [potion of mutation]
  2344 | D:3      | Reached skill level 5 in Spellcasting
  2721 | D:3      | Noticed Jessica
  2724 | D:3      | Killed Jessica
  2793 | D:4      | Noticed a phantom
  2840 | D:4      | Killed a phantom
  2841 | D:4      | Reached XP level 6. HP: 13/40 MP: 0/0
  3156 | D:4      | Noticed Grinder
  3166 | D:4      | Killed Grinder
  3167 | D:4      | Reached skill level 6 in Spellcasting
  3167 | D:4      | Reached XP level 7. HP: 29/45 MP: 0/0
  3167 | D:4      | Learned a level 3 spell: Frozen Ramparts
  3280 | D:4      | Found a staircase to the Ecumenical Temple.
  3299 | Temple   | Entered the Ecumenical Temple
  3353 | Temple   | Became a worshipper of Makhleb the Destroyer
  3403 | D:4      | Found a glowing drain.
  3412 | Sewer    | Entered a sewer
  4047 | Sewer    | Reached * piety under Makhleb
  4317 | Sewer    | Reached skill level 1 in Fighting
  4505 | D:4      | Found a stormy altar of Qazlal.
  4953 | D:4      | Reached skill level 1 in Invocations
  4953 | D:4      | Reached skill level 1 in Evocations
  5289 | D:4      | Reached skill level 1 in Maces & Flails
  5310 | D:4      | Found a shimmering altar of Xom.
  5311 | D:4      | Found a shimmering altar of Xom.
  5312 | D:4      | Found a shimmering altar of Xom.
  5686 | D:5      | Entered Level 5 of the Dungeon
  5737 | D:5      | Noticed Edmund
  5757 | D:5      | Mangled by Edmund

Illustrated notes

Levels and vault maps discovered:
D:1:      roderic_dead_forest, layout_loops_ring, serial_shops,
          nicolae_square_shop
D:2:      layout_rooms
D:3:      layout_basic, uniq_jessica
D:4:      layout_layer_cave, xom_redecorated,
          mainiacjoe_overflow_surrounded_room, minmay_temple_entry_sparse_star,
          portal_sewer_entry_d, uniq_grinder
D:5:      layout_rooms, gammafunk_temple_overflow_statue, uniq_edmund,
          uniq_menkaure
Temple:   nicolae_temple_figure_zero

Skill      XL: |  1  2  3  4  5  6  7 |
---------------+----------------------+-----
Spellcasting   | 4 5 6 |  6.4
Fighting       | 1 |  1.6
Invocations    | 1 |  1.0
Evocations     | 1 |  1.0
Maces & Flails | 1 |  1.0
Dodging        | |  2.7
Stealth        | |  1.5

Action                   |  1- 3 |  4- 6 |  7- 9 || total
-------------------------+-------+-------+-------++-------
Melee: Whip              |       |     2 |       ||     2
 Cast: Magic Dart        |    49 |    31 |    93 ||   173
       Searing Ray       |     5 |    14 |    14 ||    33
       Sting             |       |     5 |    12 ||    17
       Iskenderun's Myst |       |     1 |       ||     1
  Use: Scroll            |       |     7 |     4 ||    11
       Potion            |       |     2 |       ||     2
Armor: Robe              |     1 |     3 |     5 ||     9
Dodge: Dodged            |     1 |     3 |    22 ||    26
Block: Other             |       |     1 |     5 ||     6

Table legend: (Time is in decaauts)
 A = Elapsed time spent in this place.
 B = Non-inter-level travel time spent in this place.
 C = Inter-level travel time spent in this place.
 D = Time resting spent in this place.
 E = Time spent auto-exploring this place.
 F = Levels seen in this place.
 G = Mean time per level.
                   A        B        C        D        E       F      G
               +--------+--------+--------+--------+--------+-----+--------+
         Total |   5757 |   5625 |    132 |   2137 |   2208 |   7 |  822.4 |
       Dungeon |   4641 |   4509 |    132 |   1646 |   2151 |   5 |  928.2 |
        Temple |     64 |     64 |      0 |      0 |      0 |   1 |   64.0 |
         Sewer |   1050 |   1050 |      0 |    491 |     57 |   1 | 1050.0 |
               +--------+--------+--------+--------+--------+-----+--------+

Top non-repeatable levels by time:
     D:4: 1605 daAuts
     D:1: 1123 daAuts
   Sewer: 1050 daAuts
     D:3: 980 daAuts
     D:2: 862 daAuts
     D:5: 70 daAuts
  Temple: 64 daAuts
